 Dungeon Crawl Stone Soup version 0.26-a0-259-g1effd001a9 (webtiles) character file.

Game seed: 4391601053117559511

355 Apogee the Chopper (level 6, 0/57 HPs)
             Began as a Minotaur Fighter on July 14, 2020.
             Succumbed to a gnoll's poison
             ... on level 3 of the Dungeon.
             The game lasted 00:01:49 (2554 turns).

Apogee the Chopper (Minotaur Fighter)               Turns: 2554, Time: 00:01:50

Health: 0/57       AC:  9    Str: 22    XL:     6   Next: 36%
Magic:  5/5        EV:  7    Int:  5    God:
Gold:   206        SH:  0    Dex: 10    Spells: 5/5 levels left

rFire    . . .     SeeInvis .   a - +0 war axe
rCold    . . .     Faith    .   (no shield)
rNeg     . . .     Spirit   .   o - +0 chain mail
rPois    .         Reflect  .   (helmet restricted)
rElec    .         Harm     .   (no cloak)
rCorr    .                      (no gloves)
MR       .....                  (no boots)
Stlth    ..........             (no amulet)
HPRegen  0.19/turn              (no ring)
MPRegen  0.09/turn              (no ring)

@: lethally poisoned (0 -> -5), slowed, lightly drained, very slow
A: retaliatory headbutt, horns 2
a: no special abilities


You were on level 3 of the Dungeon.
You were not hungry.

You visited 1 branch of the dungeon, and saw 3 of its levels.

You collected 206 gold pieces.

Inventory:

Hand Weapons
 a - a +0 war axe (weapon)
Armour
 b - a +0 scale mail
 c - a +0 kite shield
 o - a +0 chain mail (worn)
 r - a +2 robe of fire resistance
Wands
 q - a wand of digging (6)
 u - a wand of random effects (15)
Scrolls
 g - 4 scrolls of remove curse {unknown}
 k - 3 scrolls of identify {unknown}
 l - a scroll of noise {unknown}
 m - a scroll of immolation {unknown}
 p - 2 scrolls of enchant armour {unknown}
 s - a scroll of blinking {unknown}
Potions
 d - a potion of might
 e - a potion of flight {unknown}
 h - 3 potions of curing {unknown}
 i - a potion of lignification {unknown}
 j - a potion of ambrosia {unknown}
 n - 2 potions of mutation {unknown}
 t - a potion of stabbing {unknown}
 v - a potion of heal wounds {unknown}
Comestibles
 f - 8 rations


   Skills:
 + Level 5.7(5.5) Fighting
 * Level 6.9(6.6) Axes
 - Level 3.6(3.4) Armour
 - Level 3.6(3.4) Shields


You had 5 spell levels left.
You didn't know any spells.
Your spell library was empty.

Dungeon Overview and Level Annotations

Branches:
Dungeon (3/15)

Altars:
Trog


Innate Abilities, Weirdness & Mutations

You reflexively headbutt those who attack you in melee.
You have a pair of horns on your head.


Message History

The gnoll burns you. The gnoll hits you but does no damage.
You feel yourself slow down.
You hit the gnoll but do no damage.
The gnoll is lightly wounded.
You feel sick. The gnoll barely misses you.
The gnoll hits you with a +0 dagger of chaos.
The gnoll burns you.
The gnoll hits you but does no damage. x2
You slash the gnoll!
You kill the gnoll!
You feel sick. The gnoll closely misses you.
The gnoll hits you but does no damage.
You feel as though you will be slow longer.
The gnoll hits you from afar with a +2 spear of chaos.
You are electrocuted!!
* * * LOW HITPOINT WARNING * * *
* * * LOW HITPOINT WARNING * * *
You feel sick. The gnoll hits you but does no damage.
* * * LOW HITPOINT WARNING * * *
You feel sick.
You die...

#.# #.# #.##.# # #.#
####.#####.##.# # ..#
#........#.##.# ## #.#
#.##.###.#.##.####. #.#
#.##.##............ #.#
#.##.##..#.##.####. #.#
#.##.##............
##.###........†....#####
#..ggg.@..#####.)..#
##.######...........#
#g≈# #########...#
#...$%# #####...###..
#.##g⌠#gg# #...........#
#...≈..#.≈.#.
#.###...###.#
≈#......#.#..#$ #.#
#.......#
..≈≈..≈#≈.≈.#..
##.###)#.#####
⌠≈#≈###≈.≈# .#§
#...##.#.#


You could see 3 gnolls.

Vanquished Creatures
  Sigmund (D:2)
  An orc priest (D:3)
  Jessica (D:2)
  Terence (D:2)
  Robin (D:3)
  A gnoll (D:3)
  2 adders
  An ooze (D:2)
  A worm (D:3)
  A dart slug (D:1)
  A leopard gecko (D:3)
  5 orcs (D:3)
  5 giant cockroaches
  18 goblins
  3 hobgoblins
  8 kobolds
  A quokka (D:3)
  5 bats
  5 frilled lizards
  5 rats
67 creatures vanquished.

Notes
Turn   | Place    | Note
-------+----------+-------------------------------------------
     0 | D:1      | Apogee the Minotaur Fighter began the quest for the Orb.
     0 | D:1      | Reached XP level 1. HP: 19/19 MP: 0/0
   274 | D:1      | Reached skill level 3 in Axes
   365 | D:1      | Reached XP level 2. HP: 27/27 MP: 1/1
  1026 | D:2      | Noticed Jessica
  1036 | D:2      | Killed Jessica
  1036 | D:2      | Reached skill level 4 in Axes
  1036 | D:2      | Reached XP level 3. HP: 22/34 MP: 2/2
  1238 | D:2      | Noticed Sigmund
  1248 | D:2      | Killed Sigmund
  1248 | D:2      | Reached skill level 5 in Fighting
  1248 | D:2      | Reached skill level 5 in Axes
  1248 | D:2      | Reached XP level 4. HP: 34/42 MP: 3/3
  1248 | D:2      | Reached XP level 5. HP: 39/48 MP: 4/4
  1394 | D:2      | Reached skill level 6 in Axes
  1440 | D:2      | Found a bloodstained altar of Trog.
  1499 | D:2      | Noticed Terence
  1509 | D:2      | Killed Terence
  1994 | D:3      | Noticed Robin
  2006 | D:3      | Killed Robin
  2006 | D:3      | Reached XP level 6. HP: 46/56 MP: 5/5
  2551 | D:3      | HP: 2/57 [gnoll/+2 spear of chaos (19)]
  2554 | D:3      | Succumbed to a gnoll's poison

Illustrated notes

Levels and vault maps discovered:
D:1:      co_arrival_square_in_a_square_in_a_square, layout_basic
D:2:      layout_basic, nicolae_overflow_crystal_walls, minmay_misc_feat_alley,
          chequers_serial_rivers_micro_a, uniq_terence, uniq_sigmund,
          uniq_jessica
D:3:      layout_loops_ring, tgw_xom, uniq_robin

Skill      XL: |  1  2  3  4  5 |
---------------+----------------+-----
Axes           | 3 4 5 6 |  6.9
Fighting       | 4 5 |  5.7
Armour         | |  3.6
Shields        | |  3.6

Action                   |  1- 3 |  4- 6 || total
-------------------------+-------+-------++-------
Melee: War axe           |    53 |    91 ||   144
       Headbutt          |     6 |    12 ||    18
  Eat: Ration            |     1 |     1 ||     2
Armor: Scale mail        |    18 |       ||    18
       Chain mail        |    14 |    39 ||    53
Dodge: Dodged            |    18 |    36 ||    54
Block: Kite shield       |     2 |       ||     2

Table legend:
 A = Non-vault XP
 B = Vault XP
 C = Vault XP percentage of total XP
 D = Non-vault monster count
 E = Vault monster count
 F = Vault count percentage of total count
                 A         B        C        D         E       F
            +---------+---------+-------+---------+---------+-------
      Total |     164 |     344 |  67.7 |      52 |      15 |  22.4
            +---------+---------+-------+---------+---------+-------
        D:1 |      20 |       0 |   0.0 |      14 |       0 |   0.0
        D:2 |      38 |     296 |  88.6 |      12 |       3 |  20.0
        D:3 |     106 |      48 |  31.2 |      26 |      12 |  31.6
            +---------+---------+-------+---------+---------+-------
